Map: Proxima Station LE

Players

Namshar - Winner!

  • Race: Zerg Zerg
  • Spawn Location: 7:00

ViBE

  • Race: Zerg Zerg
  • Spawn Location: 1:00

Event: WCS Austin 2017

VOD

Have the link to the VOD?

Description

Time

  • Played on: April 28, 2017, 2:17 p.m.
  • Length: 12:59

All games in this series

Show
View Real Time Build Order
Export as new Build Order

Namshar Zerg - Winner!

Build Orders: Hatch First 

Get SALT Encoding   

  12  0:00  Drone  
  13  0:12  Overlord  
  13  0:16  Drone  
  14  0:30  Drone x2  
  14  0:34  Drone  
  17  0:51  Hatchery  
  17  0:54  Drone  
  17  0:57  Drone  
  18  1:08  Extractor  
  17  1:12  Spawning Pool  
  17  1:15  Drone  
  17  1:19  Drone  
  18  1:27  Drone  
  19  1:38  Overlord  
  19  1:49  Drone  
  20  1:59  Queen  
  20  2:00  Zergling x2  
  23  2:03  Queen  
  23  2:05  Drone  
  26  2:08  Metabolic Boost  
  26  2:10  Drone  
  26  2:14  Drone  
  28  2:21  Drone  
  29  2:25  Drone  
  30  2:32  Drone  
  31  2:37  Hatchery  
  30  2:45  Overlord  
  30  2:47  Spine Crawler  
  30  2:48  Drone  
  30  2:51  Drone  
  31  2:58  Overlord  
  31  3:08  Zergling x12  
  31  3:10  Drone x2  
  40  3:15  Drone  
  41  3:20  Overlord  
  41  3:21  Drone  
  41  3:25  Queen  
  43  3:32  Overlord  
  43  3:34  Drone  
  43  3:39  Drone  
  45  3:52  Overlord  
  45  3:54  Drone x7  
  51  4:09  Drone x3  
  50  4:19  Drone x3  
  50  4:20  Lair  
  50  4:22  Evolution Chamber  
  50  4:23  Roach Warren  
  50  4:26  Drone  
  52  4:31  Zergling x4  
  52  4:34  Zergling x4  
  55  4:41  Zergling x6  
  55  4:43  Zergling x6  
  55  4:44  Overlord  
  55  4:45  Drone x3  
  64  4:46  Drone x2  
  64  4:48  Extractor  
  64  4:50  Drone  
  66  4:57  Drone  
  66  5:02  Drone x2  
  66  5:05  Zerg Missile Weapons Level 1, Extractor  
  66  5:08  Overlord  
  66  5:09  Drone, Extractor  
  66  5:11  Drone x3  
  66  5:12  Drone, Extractor  
  66  5:13  Drone x5  
  74  5:17  Drone  
  74  5:18  Glial Reconstitution  
  74  5:19  Extractor  
  73  5:35  Drone x2  
  71  5:39  Drone x2  
  71  5:40  Drone  
  71  5:41  Roach x4  
  71  5:42  Roach x2, Overlord x2  
  86  5:43  Overlord  
  86  5:47  Drone  
  86  5:48  Drone  
  88  5:52  Overlord x2  
  88  5:53  Overseer  
  88  5:57  Roach x2  
  88  6:04  Overlord  
  92  6:07  Roach  
  94  6:12  Hatchery  
  94  6:13  Drone  
  94  6:14  Spire  
  94  6:15  Roach x6  
  105  6:22  Roach x4  
  113  6:26  Overlord, Unknown  
  113  6:30  Overlord  
  113  6:36  Drone  
  113  6:38  Evolution Chamber  
  113  6:41  Roach x8  
  129  6:49  Overlord x2  
  129  6:50  Roach  
  129  6:51  Roach x2  
  134  7:02  Roach  
  134  7:03  Roach x2  
  134  7:05  Zerg Missile Weapons Level 2  
  138  7:09  Zerg Ground Armor Level 1  
  138  7:14  Roach  
  138  7:15  Roach x6  
  151  7:21  Roach  
  151  7:22  Roach x4  
  153  7:27  Roach  
  153  7:28  Roach  
  149  7:33  Queen  
  149  7:35  Roach  
  149  7:36  Roach x3  
  151  7:39  Roach x5  
  151  7:43  Roach x3  
  157  7:51  Roach x2  
  145  8:00  Hatchery  
  145  8:03  Roach  
  145  8:04  Roach x5  
  156  8:07  Ravager x2  
  156  8:08  Ravager x3  
  156  8:09  Overseer  
  161  8:15  Overlord x2  
  161  8:16  Overlord  
  161  8:19  Ravager x2  
  163  8:20  Roach  
  163  8:23  Overlord x2  
  163  8:25  Roach x2  
  169  8:32  Roach x3  
  175  8:36  Roach x4  
  183  8:45  Roach x6  
  183  8:48  Roach x2  
  199  8:51  Drone  
  200  9:05  Zerg Ground Armor Level 2  
  194  9:16  Roach x10  
  178  9:23  Roach x5  
  186  9:29  Extractor  
  183  9:33  Drone x3  
  186  9:39  Tunneling Claws  
  186  9:40  Burrow  
  186  9:46  Hatchery  
  176  10:15  Roach  
  176  10:16  Roach x11  
  200  10:27  Roach x7  
  168  10:37  Roach  
  168  10:38  Roach x13  
  184  10:44  Roach x3  
  184  10:45  Overseer x2, Pneumatized Carapace  
  184  10:46  Roach x7, Overseer  
  184  10:47  Roach x6  
  164  10:55  Roach x10  
  156  11:01  Roach x2  
  154  11:10  Roach  
  154  11:11  Roach x4  
  156  11:15  Roach x8  
  155  11:22  Roach x28  
  155  11:29  Roach  
  155  11:30  Roach x9  
  175  11:34  Ravager  
  175  11:35  Ravager x2  
  175  11:37  Roach x2  
  182  11:42  Roach  
  182  11:43  Roach x4  
  192  11:50  Roach x4  
  200  12:03  Roach x35  
  190  12:12  Roach  
  190  12:13  Roach x11  
  190  12:32  Roach x6  
Show
View Real Time Build Order
Export as new Build Order

ViBE Zerg 

Build Orders: Hatch First, Lurkers 

Get SALT Encoding   

  12  0:00  Drone  
  13  0:13  Overlord  
  13  0:18  Drone  
  14  0:31  Drone x2  
  16  0:36  Drone  
  17  0:53  Hatchery  
  16  0:57  Drone  
  17  1:09  Spawning Pool  
  16  1:13  Drone  
  16  1:17  Drone  
  18  1:20  Drone  
  19  1:39  Hatchery  
  18  1:43  Drone  
  18  1:46  Drone  
  20  1:53  Drone  
  21  2:04  Queen  
  21  2:07  Queen  
  25  2:11  Zergling x2  
  25  2:13  Drone  
  27  2:19  Overlord  
  27  2:22  Drone  
  28  2:37  Overlord  
  28  2:38  Drone x2  
  28  2:40  Queen  
  28  2:43  Drone x2  
  34  2:49  Extractor  
  33  2:53  Drone x2  
  35  2:59  Drone x2  
  35  3:02  Drone  
  38  3:11  Drone x2  
  38  3:12  Extractor  
  38  3:17  Drone x7  
  45  3:23  Drone x3  
  48  3:34  Roach Warren  
  48  3:35  Spine Crawler  
  48  3:38  Evolution Chamber x2  
  44  3:42  Drone x3  
  47  3:50  Evolution Chamber  
  47  3:53  Evolution Chamber  
  46  3:56  Zergling x2  
  46  3:57  Zergling x6  
  50  4:04  Evolution Chamber  
  50  4:07  Zergling x2  
  50  4:08  Zergling x4  
  49  4:10  Drone  
  49  4:11  Overlord x2  
  48  4:20  Drone  
  48  4:21  Lair  
  50  4:26  Extractor  
  50  4:27  Queen, Overlord, Extractor  
  50  4:31  Drone  
  50  4:32  Drone x2  
  50  4:33  Drone  
  50  4:36  Drone x2  
  56  4:42  Zerg Missile Weapons Level 1  
  56  4:43  Drone  
  56  4:44  Drone x2  
  59  4:56  Drone x3  
  59  4:58  Drone  
  59  4:59  Drone x4  
  62  5:03  Roach x3  
  66  5:12  Roach x2  
  66  5:13  Evolution Chamber  
  69  5:18  Glial Reconstitution  
  69  5:20  Roach x2  
  73  5:35  Overlord x3  
  73  5:38  Extractor  
  73  5:40  Overseer, Extractor  
  71  5:46  Zerg Ground Armor Level 1  
  71  5:48  Overlord x2  
  71  5:49  Drone x3  
  74  5:51  Overlord  
  74  5:54  Drone x2  
  74  5:56  Drone x3  
  74  5:57  Drone x3  
  81  6:00  Drone x3  
  85  6:08  Drone x2  
  85  6:09  Hydralisk Den  
  86  6:19  Drone x2  
  86  6:21  Roach x3  
  86  6:23  Roach  
  96  6:29  Hatchery  
  95  6:34  Roach x5  
  105  6:41  Overlord x4  
  105  6:45  Lurker Den  
  105  6:53  Roach  
  105  6:54  Roach x5  
  113  7:03  Roach x5  
  119  7:10  Roach x4  
  119  7:13  Roach  
  119  7:14  Roach x2  
  131  7:20  Roach x5  
  131  7:28  Roach x3  
  122  7:30  Ravager  
  122  7:33  Roach x3  
  110  7:38  Roach x3  
  110  7:43  Roach  
  110  7:44  Roach x2  
  103  7:52  Zerg Missile Weapons Level 2, Roach x2  
  107  8:00  Hydralisk  
  107  8:01  Hydralisk x2  
  107  8:02  Hydralisk  
  115  8:10  Roach x3  
  121  8:26  Lurker  
  125  8:27  Lurker x3  
  125  8:29  Roach x6  
  125  8:32  Overlord  
  137  8:43  Roach x6  
  137  8:45  Hydralisk  
  142  9:20  Roach x5  
  142  9:21  Overlord  
  142  9:22  Overlord x4  
  144  9:32  Roach x4  
  152  9:39  Overlord x2  
  152  9:42  Ravager  
  152  9:43  Lurker  
  152  9:45  Roach x7  
  168  9:46  Roach x3  
  168  9:52  Roach x2  
  170  10:14  Roach  
  170  10:15  Roach x7  
  170  10:20  Ravager x5  
  177  10:34  Roach x4  
  165  10:36  Roach  
  165  10:42  Roach x2  
  151  10:56  Roach x3  
  128  11:08  Roach x4  
  108  11:18  Hydralisk x2  
  108  11:23  Hydralisk x3  
  108  11:32  Roach x7  
  122  11:35  Overseer x2  
  122  11:36  Pneumatized Carapace  
  122  11:40  Hatchery  
  122  11:43  Roach x6  
  135  11:47  Lurker x3  
  135  11:48  Lurker  
  137  11:55  Lurker  
  137  11:58  Roach x3  
  137  11:59  Roach  
  112  12:18  Roach x8  
  112  12:19  Roach  
  121  12:33  Roach x6  
Tags
 
Add a new tag
Caveats
  • Supply blocks, unpowered buildings, or Contaminate may cause inaccurate times.
  • Supply counts are checked every 10 seconds.